 Dungeon Crawl Stone Soup version 0.28-a0-2-g643f2454ad (webtiles) character file.

Game seed: 15718516565552330733

613 bande the Covered (level 7, -1/44 HPs)
             Began as a Gargoyle Fighter on July 22, 2021.
             Slain by an ogre (13 damage)
             ... on level 6 of the Dungeon.
             The game lasted 00:07:01 (2928 turns).

bande the Covered (Gargoyle Fighter)                Turns: 2928, Time: 00:07:01

Health: -1/44      AC: 17    Str: 21    XL:     7   Next: 44%
Magic:  7/7        EV:  4    Int:  8    God:
Gold:   201        SH:  9    Dex: 10    Spells: 6/6 levels left

rFire   + . .      SeeInvis .   a - +0 war axe (elec)
rCold   . . .      Faith    .   c - +0 kite shield
rNeg    + . .      Spirit   .   i - +0 plate armour
rPois   ∞          Reflect  .   (no helmet)
rElec   +          Harm     .   (no cloak)
rCorr   .          Rampage  .   (no gloves)
Will    .....                   (no boots)
Stlth   ..........              (no amulet)
HPRegen 0.14/turn               g - ring of protection from fire
MPRegen 0.10/turn               (no ring)

@: no status effects
A: sickness immunity, AC +4, negative energy resistance 1, electricity
resistance, torment resistance 1, petrification resistance
a: no special abilities


You were on level 6 of the Dungeon.
You visited 1 branch of the dungeon, and saw 5 of its levels.

You collected 201 gold pieces.

Inventory:

Hand Weapons
 a - a +0 war axe of electrocution (weapon)
Missiles
 b - a throwing net (quivered)
Armour
 c - a +0 kite shield (worn)
 i - a +0 plate armour (worn)
Jewellery
 g - a ring of protection from fire (left hand)
Scrolls
 d - a scroll of holy word {unknown}
Potions
 f - a potion of cancellation
 h - a potion of curing {unknown}
 j - a potion of resistance {unknown}


   Skills:
 + Level 4.4 Fighting
 + Level 4.7 Axes
 + Level 5.2 Armour
 + Level 1.2 Dodging
 - Level 0.2 Stealth
 + Level 4.8 Shields


You had 6 spell levels left.
You didn't know any spells.
Your spell library contained the following spells:

 Spells                   Type           Power      Damage    Failure   Level
 Wereblood                Tmut           0%         N/A       100%        2
 Gell's Gravitas          Tloc           0%         N/A       100%        3
 Teleport Other           Tloc           0%         N/A       100%        3
 Dispersal                Tloc           0%         N/A       100%        6
 Summon Hydra             Summ           0%         N/A       100%        7
 Sublimation of Blood     Necr           Unusable   N/A       N/A         2

Dungeon Overview and Level Annotations

Branches:
Dungeon (6/15)
 Temple: D:4-7

Altars:
Hepliaklqana
The Shining One

Shops:
D:1 ![(   D:6 ?


Innate Abilities, Weirdness & Mutations

You are immune to sickness and miasma.
Your stone body is resilient. (AC +4)
You are immune to poison.
You resist negative energy. (rN+)
You are resistant to electric shocks. (rElec)
You are resistant to unholy torment.
You are immune to petrification.


Message History

You climb upwards.
You block the jackal's attack.
The jackal bites you but does no damage.
The bullfrog skeleton hits you but does no damage.
The jackal bites you but does no damage. x2
The bullfrog skeleton hits you but does no damage.
There is a stone staircase leading down here.
The jackal bites you. x2
The bullfrog skeleton barely misses you.
The adder bites you but does no damage. You block the ogre's attack.
The jackal barely misses you.
You climb downwards.
There is a stone staircase leading up here.
You barely miss the ogre. You closely miss the jackal.
Your plate armour prevents you from hitting the adder.
You hit the jackal. You block the jackal's attack.
The adder bites you but does no damage. The jackal bites you.
The jackal bites you but does no damage.
The ogre hits you with a +0 giant club! The adder bites you but does no damage.
The jackal bites you but does no damage.
Your plate armour prevents you from hitting the ogre.
You closely miss the jackal. You hit the adder.
Lightning courses through the adder!
You kill the adder!
You closely miss the jackal. You block the jackal's attack.
The jackal bites you but does no damage. x2
The ogre hits you with a +0 giant club. The jackal bites you.
The jackal bites you but does no damage.
You barely miss the ogre. You slash the jackal!
Lightning courses through the jackal!!
You kill the jackal!
You hit the jackal. The jackal bites you.
The ogre hits you with a +0 giant club!
* * * LOW HITPOINT WARNING * * *
The jackal bites you but does no damage.
You hit the ogre.
The ogre is moderately wounded.
You closely miss the jackal.
The jackal bites you but does no damage.
The ogre hits you with a +0 giant club!
You die...

...........#### ..
P.....).......## .#.##
P..>.......##..###.....
....................#
............#......##
..........#.>......#
..#.###...#.###....#
.....##.....####...#
##....#......###@O##
###.....#.#...h†..#
#.....#.....#####
##..#..###...##
###†..#..........
....#...###....### ###
.#####..# #....# #.# .#
.# #..# #.#..##### #.#
.##. ## #### #.##..##.#
##.###...


You could see an ogre and a jackal.

Vanquished Creatures
  Sigmund (D:2)
  A water moccasin (D:6)
  A sky beast (D:6)
  A phantom (D:6)
  A jelly (D:6)
  Jessica (D:2)
  Natasha (D:3)
  A gnoll (D:2)
  4 adders
  An ufetubus (D:6)
  A worm (D:2)
  A dart slug (D:1)
  2 orcs (D:3)
  2 ball pythons
  5 bats
  An endoplasm (D:1)
  4 hobgoblins
  A jackal (D:6)
  7 kobolds
  4 quokkas
  2 frilled lizards
  8 goblins
  7 rats
58 creatures vanquished.

Notes
Turn   | Place    | Note
-------+----------+-------------------------------------------
     0 | D:1      | bande the Gargoyle Fighter began the quest for the Orb.
     0 | D:1      | Reached XP level 1. HP: 14/14 MP: 1/1
    97 | D:1      | Found Cuzxysk's Armour Shoppe.
   120 | D:1      | Found Umearhij's Weapon Boutique.
   239 | D:1      | Reached XP level 2. HP: 19/19 MP: 2/2
   335 | D:1      | Found Yghiz's Distillery.
   924 | D:2      | Noticed Jessica
   931 | D:2      | Reached XP level 3. HP: 15/23 MP: 3/3
   932 | D:2      | Killed Jessica
  1058 | D:2      | Reached XP level 4. HP: 29/29 MP: 4/4
  1150 | D:2      | Found a glowing golden altar of the Shining One.
  1271 | D:2      | Noticed Sigmund
  1289 | D:2      | Killed Sigmund
  1290 | D:2      | Reached skill level 4 in Armour
  1290 | D:2      | Reached skill level 1 in Dodging
  1290 | D:2      | Reached XP level 5. HP: 14/33 MP: 5/5
  1290 | D:2      | Reached XP level 6. HP: 16/38 MP: 6/6
  2233 | D:3      | Found a hazy altar of Hepliaklqana.
  2311 | D:3      | Noticed Natasha
  2314 | D:3      | Killed Natasha
  2360 | D:3      | Identified a scroll of acquirement
  2360 | D:3      | Acquired the +11 battleaxe of Saltpetre {flame, Dex+2}
  2535 | D:3      | Found a runed translucent gate.
  2535 | D:3      | Found a runed translucent gate.
  2535 | D:3      | You fall into a shaft and drop 3 floors!
  2535 | D:6      | Found Mourhuwy's Magic Scroll Boutique.
  2559 | D:6      | Noticed a sky beast
  2584 | D:6      | Killed a sky beast
  2767 | D:6      | Reached XP level 7. HP: 41/44 MP: 7/7
  2865 | D:6      | Reached skill level 5 in Armour
  2918 | D:5      | Entered Level 5 of the Dungeon
  2928 | D:6      | Slain by an ogre

Illustrated notes

Levels and vault maps discovered:
D:1:      sevenhm_arrival_forest_fort_large_2, layout_rooms, serial_curves,
          eino_curves_04, eino_curves_01, serial_shops, shop,
          nicolae_shop_waterfront, shop_statue, ebering_dispersal_statue_hall
D:2:      layout_basic, basic_altar, minmay_hexomino_f4, uniq_jessica,
          uniq_sigmund
D:3:      layout_rooms, amcnicky_altar_gilded, gammafunk_ghost_split,
          uniq_natasha
D:5:      layout_rooms, gammafunk_ghost_gnarly_gnolls, uniq_edmund,
          uniq_blork_the_orc, uniq_ijyb
D:6:      layout_rooms, tso_oasis_becter, serial_shops,
          nicolae_shop_competitors_out_of_business, grunt_ministairs_5,
          kennysheep_big_empty_room

Skill      XL: |  1  2  3  4  5  6  7 |
---------------+----------------------+-----
Axes           | 2 3 4 |  4.7
Fighting       | 4 |  4.4
Armour         | 4 5 |  5.2
Dodging        | 1 |  1.2
Shields        | 4 |  4.8
Stealth        | |  0.2

Action                   |  1- 3 |  4- 6 |  7- 9 || total
-------------------------+-------+-------+-------++-------
Melee: War axe           |    57 |   111 |    10 ||   178
  Use: Scroll            |     2 |     7 |       ||     9
       Potion            |       |     1 |       ||     1
Armor: Scale mail        |    43 |     3 |       ||    46
       Plate armour      |       |    72 |    19 ||    91
Dodge: Dodged            |    15 |    29 |     3 ||    47
Block: Kite shield       |    33 |    49 |     8 ||    90

Table legend: (Time is in decaauts)
 A = Elapsed time spent in this place.
 B = Non-inter-level travel time spent in this place.
 C = Inter-level travel time spent in this place.
 D = Time resting spent in this place.
 E = Time spent auto-exploring this place.
 F = Levels seen in this place.
 G = Mean time per level.
                   A        B        C        D        E       F      G
               +--------+--------+--------+--------+--------+-----+--------+
         Total |   3035 |   2951 |     84 |    656 |   1681 |   5 |  607.0 |
       Dungeon |   3035 |   2951 |     84 |    656 |   1681 |   5 |  607.0 |
               +--------+--------+--------+--------+--------+-----+--------+

Top non-repeatable levels by time:
     D:2: 1189 daAuts
     D:1: 1065 daAuts
     D:6: 410 daAuts
     D:3: 365 daAuts
     D:5: 4 daAuts
